 Dungeon Crawl Stone Soup version 0.29.1-13-g9f3cf754e1 (webtiles) character file.

Game seed: 11503449687348244943

555 javelincjr the Magician (level 7, -1/47 HPs)
             Began as a Djinni Hedge Wizard on Jan 24, 2023.
             Killed by divine providence
             ... invoked by an orc priest
              (17 damage)
             ... on level 4 of the Dungeon.
             The game lasted 00:21:50 (5799 turns).

javelincjr the Magician (Djinni Hedge Wizard)       Turns: 5799, Time: 00:21:51

Health: -1/47      AC:  5    Str:  7 (9)  XL:     7   Next: 55%
Gold:   233        EV: 12    Int: 17      God:
                   SH:  0    Dex: 12 (13)

rFire   + + .      SeeInvis .   h - +2 dagger (vamp)
rCold   x . .      Faith    .   g - orb {light}
rNeg    . . .      Spirit   .   b - +0 robe
rPois   ∞          Reflect  .   c - +0 hat
rElec   .          Harm     .   q - +0 cloak
rCorr   .          Rampage  .   n - +1 pair of gloves
Will    +....                   (boots unavailable)
Stlth   +.........              (no amulet)
HPRegen 0.15/turn               k - ring of willpower
MPRegen 0.00/turn               (no ring)

@: flying, glowing
A: sickness immunity, fire resistance 2, cold vulnerability 1, float, innate
caster, HP casting, extra vitality 1
a: no special abilities


You were on level 4 of the Dungeon.
You visited 1 branch of the dungeon, and saw 5 of its levels.

You collected 233 gold pieces.

Inventory:

Hand Weapons
 a - a +0 dagger
 h - a +2 vampiric dagger (weapon)
 m - a +0 vampiric short sword
Armour
 b - a +0 robe (worn)
 c - a +0 hat (worn)
 g - an orb of light (worn)
 n - a +1 pair of gloves (worn)
 q - a +0 cloak (worn)
Jewellery
 j - a +6 ring of dexterity
 k - a ring of willpower (left hand)
 l - an amulet of reflection
Wands
 i - a wand of digging (5)
 r - a wand of flame (24)
Scrolls
 d - a scroll of teleportation
 p - a scroll of butterflies
Potions
 e - a potion of haste
 f - 2 potions of flight
 o - a potion of curing


   Skills:
 + Level 1.3 Fighting
 + Level 1.3 Short Blades
 + Level 3.3 Dodging
 + Level 2.8 Stealth
 + Level 5.3 Spellcasting


You couldn't memorise any spells.
You knew the following spells:

 Your Spells              Type           Power      Damage    Failure   Level
a - Magic Dart            Conj           88%        1d7       1%          1
b - Blink                 Tloc           44%        N/A       2%          2
c - Call Imp              Summ           22%        N/A       2%          2
d - Slow                  Hex            88%        N/A       1%          1
e - Conjure Flame         Conj/Fire      22%        6-21      4%          3
f - Mephitic Cloud        Conj/Pois/Air  22%        N/A       4%          3
g - Sting                 Tmut/Pois      88%        1d7       1%          1
h - Poisonous Vapours     Pois/Air       44%        N/A       2%          2
i - Inner Flame           Hex/Fire       22%        N/A       4%          3
Your spell library was empty.

Dungeon Overview and Level Annotations

Branches:
Dungeon (5/15)             Temple (0/1) D:4

Altars:
Cheibriados
Okawaru

Shops:
D:1 [


Innate Abilities, Weirdness & Mutations

You are immune to sickness and miasma.
You are immune to poison.
Your flesh is very heat resistant. (rF++)
You are vulnerable to cold. (rC-)
You float through the air rather than walking.
You learn spells naturally, not from books.
Your magical power is your life essence.
You have superior vitality. (+4 MHP)


Message History

Your crimson imp barely misses the orc.
The orc is engulfed in noxious fumes.
The orc appears confused.
The orc priest barely misses you.
Your crimson imp hits the orc but does no damage.
The orc priest invokes the aid of Beogh against you.
Pain shoots through your body!
You hit the orc but do no damage.
The orc is severely wounded.
Your crimson imp hits the orc but does no damage.
The orc priest mumbles some strange prayers to Beogh against you.
Beogh smites you!
* * * LOW HITPOINT WARNING * * *
You hit the orc.
The orc is almost dead.
Your crimson imp hits the orc but does no damage.
The orc hits your crimson imp with a +0 morningstar.
You hit the orc priest but do no damage.
Your crimson imp blinks!
The orc priest misses you.
There is a stone staircase leading up here.
Your crimson imp hits the orc priest but does no damage.
The orc priest hits you but does no damage.
You fly upwards.
Your summoned ally is left behind.
There is a stone staircase leading down here.
You hit the orc priest.
You feel better.
The orc priest is lightly wounded.
The orc priest barely misses you.
You hit the orc priest but do no damage.
The orc priest is lightly wounded.
The orc priest hits you with a +0 flail.
You hit the orc priest.
The orc priest is lightly wounded.
The orc priest looks satisfied for a moment.
You hit the orc priest but do no damage.
The orc priest is lightly wounded.
The orc priest barely misses you.
You barely miss the orc priest.
The orc priest is lightly wounded.
The orc priest mumbles some strange prayers to Beogh against you.
Beogh smites you!
You die...

## #.......#
####.....## #
#...###.##
###.....## # #####
#..# ##.....###
#..# ###.....##
#####.####.....###
###...#..##.....##
#
##..............##
#
#.............###
# #........@....##
#
#.........o....##
#
##..............#
#..............#
###..........###
###......###
########


You could see an orc priest (resistant).

Vanquished Creatures
  A hound (D:4)
  4 iguanas (D:4)
  4 gnolls (D:3)
  2 adders
  A shadow imp (D:5)
  3 ufetubi
  2 worms
  2 dart slugs (D:1)
  5 orcs
  7 endoplasms
  A giant cockroach (D:1)
  11 goblins
  10 hobgoblins
  3 quokkas
  8 ball pythons
  8 bats
  7 frilled lizards
  12 kobolds
  6 rats
97 creatures vanquished.

Vanquished Creatures (collateral kills)
  Sigmund (D:2)
  A hound (D:4)
  Ijyb (D:3)
  Robin (D:3)
  2 worms
  A ball python (D:1)
  An endoplasm (D:1)
  3 goblins (D:3)
  A bat (D:3)
  2 rats (D:1)
14 creatures vanquished.

Grand Total: 111 creatures vanquished

Notes
Turn   | Place    | Note
-------+----------+-------------------------------------------
     0 | D:1      | javelincjr the Djinni Hedge Wizard began the quest for the
                  | Orb.
     0 | D:1      | javelincjr set off with the following spells memorised:
                  | Magic Dart, Blink, Call Imp, Slow, Conjure Flame, Mephitic
                  | Cloud.
     0 | D:1      | Reached XP level 1. HP: 15/15 MP: 0/0
   267 | D:1      | Reached XP level 2. HP: 15/21 MP: 0/0
   567 | D:1      | Found Qaclisty's Antique Armour Shoppe.
   859 | D:1      | Reached skill level 3 in Spellcasting
   948 | D:1      | Reached XP level 3. HP: 9/25 MP: 0/0
   948 | D:1      | Learned a level 1 spell: Sting
  2220 | D:2      | Reached XP level 4. HP: 24/31 MP: 0/0
  2474 | D:2      | Noticed Sigmund
  2503 | D:2      | Killed Sigmund
  2504 | D:2      | Reached skill level 4 in Spellcasting
  2504 | D:2      | Reached XP level 5. HP: 21/36 MP: 0/0
  2504 | D:2      | Learned a level 2 spell: Poisonous Vapours
  2504 | D:2      | Reached XP level 6. HP: 24/41 MP: 0/0
  2649 | D:2      | Found an iron altar of Okawaru.
  2968 | D:2      | Found a faded altar of an unknown god.
  3228 | D:3      | Found a snail-covered altar of Cheibriados.
  3391 | D:3      | Noticed Robin
  3397 | D:3      | Killed Robin
  3438 | D:3      | Reached skill level 1 in Fighting
  3882 | D:3      | Noticed Ijyb
  3893 | D:3      | Killed Ijyb
  4477 | D:4      | Found a staircase to the Ecumenical Temple.
  4532 | D:4      | Reached XP level 7. HP: 44/47 MP: 0/0
  4532 | D:4      | Learned a level 3 spell: Inner Flame
  5075 | D:4      | Reached skill level 1 in Short Blades
  5075 | D:4      | Reached skill level 5 in Spellcasting
  5607 | D:5      | Entered Level 5 of the Dungeon
  5799 | D:4      | Killed from afar by an orc priest

Illustrated notes

Levels and vault maps discovered:
D:1:      dpeg_arrival_connections, layout_basic, serial_rivers,
          chequers_serial_rivers_small_3, chequers_serial_rivers_small_a,
          chequers_serial_rivers_room_b, chequers_serial_rivers_micro_b,
          chequers_serial_rivers_small_b, chequers_serial_rivers_large_a,
          serial_shops, shop_coins, minmay_close_crescents
D:2:      layout_basic, basic_altar, chequers_ecumenical_altar_simple,
          uniq_sigmund
D:3:      layout_rooms, old_standard_altar, serial_corexii_hall,
          corexii_hall_statues_i, chequers_hall_statues_wall_a, uniq_ijyb,
          uniq_robin
D:4:      layout_cave_pods, minmay_temple_entry_tees
D:5:      layout_cave_pools

Skill      XL: |  1  2  3  4  5  6  7 |
---------------+----------------------+-----
Spellcasting   | 3 4 5 |  5.3
Stealth        | 2 |  2.8
Dodging        | 3 |  3.3
Fighting       | 1 |  1.3
Short Blades   | 1 |  1.3

Action                   |  1- 3 |  4- 6 |  7- 9 || total
-------------------------+-------+-------+-------++-------
Melee: Dagger            |    21 |    30 |    54 ||   105
 Cast: Magic Dart        |    74 |    75 |    53 ||   202
       Call Imp          |     5 |    12 |     3 ||    20
       Sting             |     2 |    15 |       ||    17
       Mephitic Cloud    |       |     3 |     2 ||     5
  Use: Scroll            |       |    12 |     1 ||    13
       Potion            |       |     5 |       ||     5
Armor: Robe              |    10 |     7 |     8 ||    25
Dodge: Dodged            |    32 |    16 |    39 ||    87
